 Dungeon Crawl Stone Soup version 0.29-a0-233-g1125b37a9b (webtiles) character file.

Game seed: 11842021804704300218

171 kae the Ruffian (level 5, 0/41 HPs)
             Began as a Draconian Transmuter on Mar 1, 2022.
             Slain by a gnoll
             ... wielding a +0 spear
              (7 damage)
             ... on level 3 of the Dungeon.
             The game lasted 00:01:55 (3430 turns).

kae the Ruffian (Draconian Transmuter)              Turns: 3430, Time: 00:01:55

Health: 0/41       AC:  2    Str: 13    XL:     5   Next: 26%
Magic:  6/9        EV: 19    Int: 15    God:
Gold:   140        SH:  0    Dex: 16    Spells: 1/9 levels left

rFire   . . .      SeeInvis .     - Unarmed
rCold   . . .      Faith    .   (shield currently unavailable)
rNeg    . . .      Spirit   .   (body armour unavailable)
rPois   x          Reflect  .   (helmet currently unavailable)
rElec   .          Harm     .   (cloak currently unavailable)
rCorr   .          Rampage  .   (gloves currently unavailable)
Will    .....                   (boots currently unavailable)
Stlth   +.........              (no amulet)
HPRegen 0.13/turn               h - ring of flight
MPRegen 0.11/turn               (no ring)

@: spider-form, flying
A: venomous fangs, AC +5, tiny, unfitting armour, (cold-blooded)
a: End Transformation


You were on level 3 of the Dungeon.
You were a venomous arachnid creature.
You visited 1 branch of the dungeon, and saw 3 of its levels.

You collected 140 gold pieces.

Inventory:

Jewellery
 h - a ring of flight (left front leg)
 l - a ring of resist corrosion
Scrolls
 e - 3 scrolls of noise {unknown}
 k - a scroll of fear {unknown}
 m - a scroll of identify
Potions
 a - 3 potions of lignification
 b - a potion of attraction {unknown}
 c - 2 potions of might {unknown}
 d - a potion of heal wounds {unknown}
 f - 3 potions of curing {unknown}
 g - a potion of resistance {unknown}
 i - 2 potions of degeneration {unknown}
 j - a potion of berserk rage {unknown}


   Skills:
 + Level 2.0 Fighting
 + Level 2.2 Dodging
 * Level 3.8 Unarmed Combat
 + Level 2.6 Spellcasting
 * Level 3.1 Transmutations
 * Level 0.2 Ice Magic
 * Level 1.6 Poison Magic


You had one spell level left.
You knew the following spells:

 Your Spells              Type           Power      Damage    Failure   Level
a - Beastly Appendage     Tmut           22%        N/A       16%         1
b - Spider Form           Tmut/Pois      9%         N/A       43%         3
c - Ice Form              Ice/Tmut       7%         N/A       87%         4

Your spell library contained the following spells:

 Spells                   Type           Power      Damage    Failure   Level
 Wereblood                Tmut           11%        N/A       22%         2


Dungeon Overview and Level Annotations

Branches:
Dungeon (3/15)

Altars:
Nemelex Xobeh


Innate Abilities, Weirdness & Mutations

You are a venomous arachnid creature.
You have poisonous fangs.
You are tiny and dextrous.
Your spellcasting is less reliable in this form.
Your armour is entirely melded.
You are incapable of wielding weapons or throwing items.
((Your plain brown scales are hard. (AC +5)))
You cannot fit into any form of body armour.
((You are cold-blooded and may be slowed by cold attacks.))


Message History

The gnoll moves out of view. 3 gnolls come into view.
The gnoll shouts!
You see here a ring of willpower.
There are monsters nearby!
There are monsters nearby!
Casting: Beastly Appendage (safe; 5% risk of failure)
Confirm with . or Enter, or press ? or * to list all spells.
The spell is quite dangerous to miscast (22% risk of failure)!
Continue anyway? [Y]es or [N]o only, please.
The spell is quite dangerous to miscast (22% risk of failure)!
Continue anyway?
You miscast Spider Form.
You are very lightly contaminated with residual magic.
You feel rather nauseous for a moment!
You are poisoned.
You feel sick.
You feel sick.
You feel sick.
You feel sick.
You feel sick.
You feel sick.
You are no longer poisoned.
Your magical contamination has completely faded away.
There is an open door here.
Casting: Spider Form (quite dangerous; 22% risk of failure)
Confirm with . or Enter, or press ? or * to list all spells.
The spell is quite dangerous to miscast (22% risk of failure)!
Continue anyway? [Y]es or [N]o only, please.
The spell is quite dangerous to miscast (22% risk of failure)!
Continue anyway?
You turn into a venomous arachnid creature.
The gnoll hits you with a +0 club!
You hit the gnoll.
The gnoll is poisoned.
The gnoll is heavily wounded.
The gnoll hits you from afar with a +0 spear!
The gnoll hits you with a +0 club.
* * * LOW HITPOINT WARNING * * *
You barely miss the gnoll.
The gnoll is heavily wounded.
The gnoll hits you from afar with a +0 spear!
You die...

#........###.#.##.....#....#(# .
#.#.#..........##......)###.#
..#......###.####...#.....###
.###########'## ##.....#.#.####
.# ##...## #...#..#.###.# .###
##.....###....#..##..## .#.##
##.......##........)###
....####.........#g#...#.########
.......'........sgg..............
....####.........###....#.#####.#
.#.## ##.<.....## #...##.# ##.
...# ##.....## #....#.# ## ##.#
##...## #.##.#.# # #.# ##'##
#.##.#.# #.# #.#######...(..# #.#
#.##...#####.### #.# ##.#)###.#
#.#


You could see 3 gnolls.

Vanquished Creatures
  A kobold brigand (D:3)
  Robin (D:2)
  3 adders (D:2)
  3 dart slugs
  An orc (D:3)
  3 endoplasms
  3 giant cockroaches
  14 goblins
  7 hobgoblins
  6 kobolds
  3 quokkas
  4 ball pythons
  3 bats
  3 frilled lizards
  3 rats
58 creatures vanquished.

Notes
Turn   | Place    | Note
-------+----------+-------------------------------------------
     0 | D:1      | kae the Draconian Transmuter began the quest for the Orb.
     0 | D:1      | Reached XP level 1. HP: 16/16 MP: 3/3
   457 | D:1      | Reached XP level 2. HP: 21/23 MP: 3/5
   964 | D:1      | Found a faded altar of an unknown god.
  1309 | D:2      | Noticed Robin
  1549 | D:2      | Reached XP level 3. HP: 21/28 MP: 4/6
  1703 | D:2      | Learned a level 3 spell: Spider Form
  1729 | D:2      | Found a sparkling altar of Nemelex Xobeh.
  1931 | D:2      | Killed Robin
  1932 | D:2      | Reached XP level 4. HP: 33/36 MP: 4/7
  1944 | D:2      | Reached skill level 1 in Poison Magic
  2924 | D:3      | Noticed a kobold brigand
  2937 | D:3      | Killed a kobold brigand
  2938 | D:3      | Reached XP level 5. HP: 25/41 MP: 2/9
  2949 | D:3      | Learned a level 4 spell: Ice Form
  3430 | D:3      | Slain by a gnoll

Illustrated notes

Levels and vault maps discovered:
D:1:      dpeg_arrival_tiny_h, layout_loops_ring,
          dreamdust_ecumenical_altar_angels_and_demons
D:2:      layout_loops_ring, basic_altar, kennysheep_generic_room_7, uniq_robin
D:3:      layout_loops_corners, gammafunk_temple_overflow_wave,
          minmay_increasing_density

Skill      XL: |  1  2  3  4 |
---------------+-------------+-----
Dodging        | 2 |  2.2
Poison Magic   | 1 |  1.6
Fighting       | 2 |  2.0
Transmutations | 3 |  3.1
Unarmed Combat | |  3.8
Spellcasting   | |  2.6
Ice Magic      | |  0.2

Action                   |  1- 3 |  4- 6 || total
-------------------------+-------+-------++-------
Melee: Unarmed           |    93 |    74 ||   167
       Tailslap          |     8 |     2 ||    10
       Kick              |     9 |    11 ||    20
       Headbutt          |     5 |     8 ||    13
       Punch             |     2 |     2 ||     4
 Cast: Beastly Appendage |    14 |    13 ||    27
       Spider Form       |     1 |     3 ||     4
  Use: Scroll            |       |     5 ||     5
 Stab: Sleeping          |       |     1 ||     1
Armor: Skin              |    30 |    11 ||    41
Dodge: Dodged            |    56 |    40 ||    96

Table legend: (Time is in decaauts)
 A = Elapsed time spent in this place.
 B = Non-inter-level travel time spent in this place.
 C = Inter-level travel time spent in this place.
 D = Time resting spent in this place.
 E = Time spent auto-exploring this place.
 F = Levels seen in this place.
 G = Mean time per level.
                   A        B        C        D        E       F      G
               +--------+--------+--------+--------+--------+-----+--------+
         Total |   3422 |   3301 |    121 |    610 |   2241 |   3 | 1140.7 |
       Dungeon |   3422 |   3301 |    121 |    610 |   2241 |   3 | 1140.7 |
               +--------+--------+--------+--------+--------+-----+--------+

Top non-repeatable levels by time:
     D:1: 1457 daAuts
     D:2: 1223 daAuts
     D:3: 741 daAuts
